 Dungeon Crawl Stone Soup version 0.23.1-44-gbd83930989 (webtiles) character file.

Game seed: 18371700411945916789

62 PentaManta the Ducker (level 4, 0/31 HPs)
             Began as an Octopode Fighter on Mar 30, 2019.
             Slain by a goblin
             ... wielding a +0 club
             ... led by Robin
              (3 damage)
             ... on level 2 of the Dungeon.
             The game lasted 00:01:40 (678 turns).

PentaManta the Ducker (Octopode Fighter)             Turns: 678, Time: 00:01:40

Health: 0/31       AC:  1    Str: 15    XL:     4   Next: 8%
Magic:  4/4        EV: 12    Int: 10    God:
Gold:   81         SH:  8    Dex: 12    Spells: 3/3 levels left

rFire    . . .     SeeInvis .   a - +0 long sword
rCold    . . .     Gourm    .   b - +0 shield
rNeg     . . .     Faith    .   (helmet restricted)
rPois    .         Spirit   .   (no amulet)
rElec    .         Reflect  .   (no ring)
rCorr    .         Harm     .   (no ring)
MR       .....                  (no ring)
Stlth    +++.......             (no ring)
HPRegen  0.10/turn              (no ring)
MPRegen  0.09/turn              (no ring)
                                (no ring)
                                (no ring)

@: no status effects
A: almost no armour, stealthy swim, amphibious, 8 rings, constrict 8, camouflage
1, gelatinous body 1
a: no special abilities


You were on level 2 of the Dungeon.
You were not hungry.

You visited 1 branch of the dungeon, and saw 2 of its levels.

You collected 81 gold pieces.

Inventory:

Hand Weapons
 a - a +0 long sword (weapon)
Missiles
 h - 8 tomahawks (quivered)
Armour
 b - a +0 shield (worn)
 i - a +0 large shield
Jewellery
 n - a +5 ring of strength {unknown}
 q - an uncursed amulet of harm {unknown}
Scrolls
 e - 2 scrolls of magic mapping {unknown}
 g - 6 scrolls of identify {unknown}
 j - a scroll of enchant weapon {unknown}
 l - a scroll of fog {unknown}
 m - a scroll of fear {unknown}
 o - a scroll of teleportation {unknown}
 p - a scroll of noise {unknown}
Potions
 c - a potion of might
 f - a potion of heal wounds {unknown}
 k - 3 potions of curing {unknown}
Comestibles
 d - 3 rations


   Skills:
 - Level 3.0 Fighting
 * Level 3.3 Long Blades
 + Level 3.5 Dodging
 + Level 2.3 Stealth
 - Level 3.0 Shields


You had 3 spell levels left.
You didn't know any spells.
Your spell library was empty.

Dungeon Overview and Level Annotations

Branches:
Dungeon (2/15)

Altars:


Innate Abilities, Weirdness & Mutations

You cannot wear most types of armour.
You are very stealthy in the water. (Stealth+)
You are amphibious.
You can wear up to eight rings at the same time.
You can use your tentacles to constrict eight enemies at once.
Your skin changes colour to match your surroundings (Stealth+).
Your rubbery body absorbs attacks. (AC +1, EV +1)


Message History

Robin throws the goblin at you!
* * * LOW HITPOINT WARNING * * *
You hit Robin.
You kill Robin!
You have reached level 4!
The goblin barely misses you.
The goblin unwields a +0 club.
The goblin wields a +0 hunting sling.
The goblin shoots a stone.
The stone hits you.
* * * LOW HITPOINT WARNING * * *
The goblin closely misses you.
You hit the goblin. Your grab misses the goblin. You squeeze the goblin.
You kill the goblin!
The goblin no longer looks unusually strong.
The goblin unwields a +0 hunting sling.
The goblin wields a +0 club.
The goblin hits you but does no damage.
You closely miss the goblin. Your grab misses the goblin.
You block the goblin's attack.
You closely miss the goblin. You grab the goblin. You constrict the goblin.
The goblin hits you with a +0 club.
You die...

##########
#.#........# #
#.#........# #
#.#...)....#######
#.#........'...†.'
#.#........#######
####.###'###### #
..#)# #.# ###.#@#
#.# #...#g###.####
#####.#†(gg..>...+
.......$#'###.####
#####...)..##.#
###....##.#
#....##+# #.#....
#.#.....


You could see 3 goblins.

Vanquished Creatures
  Robin (D:2)
  A gnoll (D:1)
  A dart slug (D:2)
  A leopard gecko (D:2)
  3 bats
  8 hobgoblins
  4 jackals (D:2)
  2 kobolds (D:1)
  11 goblins
  A rat (D:1)
33 creatures vanquished.

Notes
Turn   | Place    | Note
-------+----------+-------------------------------------------
     0 | D:1      | PentaManta the Octopode Fighter began the quest for the
                  | Orb.
     0 | D:1      | Reached XP level 1. HP: 16/16 MP: 1/1
   130 | D:1      | Reached skill level 1 in Stealth
   130 | D:1      | Reached XP level 2. HP: 19/21 MP: 2/2
   375 | D:1      | Reached XP level 3. HP: 26/26 MP: 3/3
   659 | D:2      | Noticed Robin
   675 | D:2      | Killed Robin
   675 | D:2      | Reached XP level 4. HP: 7/31 MP: 4/4
   678 | D:2      | Slain by a goblin

Skill      XL: |  1  2  3 |
---------------+----------+-----
Stealth        | 1 2 |  2.3
Long Blades    | 3 |  3.3
Fighting       | |  3.0
Dodging        | |  3.5
Shields        | |  3.0

Action                   |  1- 3 |  4- 6 || total
-------------------------+-------+-------++-------
Melee: Long sword        |    51 |     3 ||    54
       Constrict         |    17 |     1 ||    18
       Tentacles         |    11 |     1 ||    12
 Stab: Sleeping          |     4 |       ||     4
Armor: Skin              |     3 |       ||     3
Dodge: Dodged            |    26 |     2 ||    28
Block: Shield            |    24 |     1 ||    25
       Rpst.: Long sword |    10 |       ||    10
